 Dungeon Crawl Stone Soup version 0.17.1-1-g73c8601 (console) character file.

1543 Kloppie the Fighter (level 9, -4/76 HPs)
             Began as a Formicid Fighter on Dec 13, 2015.
             Slain by a giant frog (6 damage)
             ... in the Ecumenical Temple.
             The game lasted 00:08:17 (5945 turns).

Kloppie the Fighter (Formicid Fighter)              Turns: 5945, Time: 00:08:17

Health: -4/76      AC:  6    Str: 29    XL:     9   Next: 11%
Magic:  9/9        EV:  8    Int:  8    God:
Gold:   383        SH: 10    Dex: 10    Spells: 0 memorised, 8 levels left

rFire  . . .     SeeInvis +     a - +0 war axe
rCold  . . .     Clarity  .     b - +0 scale mail
rNeg   . . .     SustAt   .     c - +0 shield
rPois  .         Gourm    .     (helmet unavailable)
rElec  .         Spirit   .     (no cloak)
rCorr  .         Warding  .     (no gloves)
rMut   .         Stasis   +     (no boots)
MR     .....                    (no amulet)
Stlth  ..........               (no ring)
                                (no ring)

@: mighty, not resistant to hostile enchantments, extremely unstealthy
A: permanent stasis, dig shafts and tunnels, four strong arms, antennae 3
a: Dig, Shaft Self


You were in the Ecumenical Temple.
You were not hungry.

You visited 2 branches of the dungeon, and saw 8 of its levels.

You collected 383 gold pieces.

Inventory:

Hand Weapons
 a - a +0 war axe (weapon)
Armour
 b - a +0 scale mail (worn)
 c - a +0 shield (worn)
Jewellery
 r - an uncursed ring of ice {unknown}
Scrolls
 k - 3 scrolls of blinking {unknown}
 l - 4 scrolls of remove curse {unknown}
 m - 3 scrolls of magic mapping {unknown}
 o - a scroll of recharging {unknown}
 s - 5 scrolls of teleportation {unknown}
 t - 2 scrolls of enchant armour {unknown}
 u - 7 scrolls of identify {unknown}
 v - 3 scrolls of fog {unknown}
 w - a scroll of fear {unknown}
 x - 2 scrolls of amnesia {unknown}
 y - a scroll of random uselessness {unknown}
 z - a scroll of enchant weapon {unknown}
 B - a scroll of noise {unknown}
Potions
 d - a potion of might
 f - a potion of degeneration {unknown}
 g - 2 potions of curing {unknown}
 h - a potion of agility {unknown}
 j - 4 potions of haste {unknown}
 p - 2 potions of heal wounds {unknown}
 q - 2 potions of cancellation {unknown}
Comestibles
 e - 3 bread rations
 i - 2 meat rations
 n - 2 fruits


   Skills:
 + Level 9.0 Fighting
 + Level 7.8 Axes
 - Level 3.2 Armour
 - Level 3.6 Shields


You had 8 spell levels left.
You didn't know any spells.

Dungeon Overview and Level Annotations

Branches:
Dungeon (7/15)             Temple (1/1) D:7

Altars:
Dithmenos
Gozag
Okawaru
Qazlal
Trog
Yredelemnul
The Shining One

Annotations:
D:5 Genom09's ghost, novice MfTm


Innate Abilities, Weirdness & Mutations

You are under a permanent stasis effect.
You can dig through walls and to a lower floor.
Your four strong arms can wield two-handed weapons with a shield.
You have a pair of large antennae on your head (SInv).


Message History

You hit the giant frog but do no damage.
You closely miss the orc warrior.
The orc warrior is lightly wounded.
You block the giant frog's attack. The orc warrior completely misses you.
The giant frog hits you.
* * * LOW HITPOINT WARNING * * *
Drink which item? (? for menu, Esc to quit)
You feel very mighty all of a sudden. The giant frog hits you.
* * * LOW HITPOINT WARNING * * *
The orc warrior hits you with a vampiric short sword!
* * * LOW HITPOINT WARNING * * *
You barely miss the giant frog. You hit the orc warrior.
The orc warrior is moderately wounded.
The giant frog hits you but does no damage.
The orc warrior hits you with a vampiric short sword.
* * * LOW HITPOINT WARNING * * *
The orc warrior draws strength from your injuries!
The giant frog hits you.
You die...

.≈≈≈...........
≈≈≈......≈≈≈≈≈≈
≈≈.....≈≈≈≈≈≈≈≈
≈≈....≈≈≈≈≈....
≈≈....≈........
≈≈≈........≈≈≈≈
..≈≈≈..F......≈
.......@.......
≈.....o...≈≈≈..
≈≈≈≈........≈≈≈
........≈....≈≈
....≈≈≈≈≈....≈≈
≈≈≈≈≈≈≈≈.....≈≈
≈≈≈≈≈≈......≈≈≈
...........≈≈≈.


You could see an orc warrior and a giant frog.

Vanquished Creatures
  Grinder (D:4)
  The ghost of Rex the Skirmisher, an amateur MiFi (D:3)
  A steam dragon (D:7)
  An orc warrior (D:6)
  An ice beast (D:6)
  2 ogres
  A phantom (D:6)
  A big kobold (D:7)
  A centaur (D:7)
  A centaur skeleton (D:6)
  Ijyb (D:2)
  2 gnoll shamans
  2 iguanas
  A hound (D:6)
  An orc priest (D:6)
  10 gnolls
  A worker ant zombie (D:5)
  7 adders
  An adder skeleton (D:4)
  An adder zombie (D:5)
  A worm (D:2)
  15 orcs
  4 giant cockroaches
  15 goblins
  7 hobgoblins
  15 jackals
  11 kobolds
  2 ball pythons
  3 bats (D:1)
  5 giant geckos
  A giant gecko skeleton (D:4)
  A giant gecko zombie (D:6)
  6 giant newts
  2 quokkas
  A quokka skeleton (D:6)
  9 rats
  A spectral orc (D:2)
137 creatures vanquished.

Notes
Turn   | Place    | Note
--------------------------------------------------------------
     0 | D:1      | Kloppie the Formicid Fighter began the quest for the Orb.
     0 | D:1      | Reached XP level 1. HP: 18/18 MP: 1/1
   152 | D:1      | Reached XP level 2. HP: 18/24 MP: 2/2
   714 | D:1      | Reached XP level 3. HP: 9/30 MP: 3/3
  1015 | D:2      | Reached skill level 4 in Fighting
  1136 | D:2      | Reached XP level 4. HP: 37/37 MP: 4/4
  1172 | D:2      | Noticed Ijyb
  1190 | D:2      | Killed Ijyb
  1477 | D:2      | Reached XP level 5. HP: 43/43 MP: 5/5
  1617 | D:2      | Found a basalt altar of Yredelemnul.
  1971 | D:3      | Noticed Rex's ghost (amateur MiFi)
  1981 | D:3      | Killed Rex's ghost
  1981 | D:3      | Reached skill level 5 in Fighting
  1981 | D:3      | Reached XP level 6. HP: 37/52 MP: 6/6
  2064 | D:3      | Reached skill level 6 in Fighting
  2474 | D:4      | Reached skill level 5 in Axes
  2474 | D:4      | Reached XP level 7. HP: 50/58 MP: 7/7
  2993 | D:4      | Noticed Grinder
  3000 | D:4      | Killed Grinder
  3000 | D:4      | Reached skill level 7 in Fighting
  3000 | D:4      | Reached XP level 8. HP: 63/67 MP: 8/8
  3236 | D:5      | Entered Level 5 of the Dungeon
  3239 | D:5      | Noticed Genom09's ghost (novice MfTm)
  4834 | D:6      | Reached skill level 8 in Fighting
  5083 | D:6      | Found an iron altar of Okawaru.
  5084 | D:6      | Found a bloodstained altar of Trog.
  5084 | D:6      | Found a stormy altar of Qazlal.
  5086 | D:6      | Found an opulent altar of Gozag.
  5086 | D:6      | Found a glowing golden altar of the Shining One.
  5155 | D:6      | Found a shadowy altar of Dithmenos.
  5583 | D:7      | Reached XP level 9. HP: 23/75 MP: 9/9
  5907 | D:7      | Found a staircase to the Ecumenical Temple.
  5918 | D:7      | Reached skill level 9 in Fighting
  5942 | Temple   | Entered the Ecumenical Temple
  5944 | Temple   | HP: 3/76 [orc warrior/vampiric short sword (13)]
  5945 | Temple   | Slain by a giant frog

Action                   |  1- 3 |  4- 6 |  7- 9 || total
-------------------------+-------+-------+-------++-------
Melee: War axe           |    96 |   139 |   319 ||   554
  Use: Potion            |       |     1 |     2 ||     3
  Eat: Chunk             |     1 |     4 |     4 ||     9
       Beef jerky        |       |       |     2 ||     2
       Meat ration       |       |       |     1 ||     1
